details: 'attempted1v4'

« prev index next »

General information

Mini Map

Players

team 1
UndeadUDifImRoasted (blue | 31 APM | 7 actions | 00:13)

» actions
Right click3
Select / deselect4
7 total
HumanTDNRamRod (green | 31 APM | 32 actions | 01:02)

» actions
Build / train2
Enter build submenu3
Right click13
Select / deselect11
Use ability3
32 total
» units
Peasant2
2 total
» buildings
Altar of Kings1
Farm2
3 total
» build order
00:11 Altar of Kings
00:14 Farm
00:56 Farm
UndeadROTS19 (orange | 66 APM | 898 actions | 13:41)
Hero icon 2 Mountain King
Ability icon 1 Storm Bolt
Ability icon 1 Bash
Hero icon 5 Death Knight
Ability icon 3 Death Coil
Ability icon 2 Unholy Aura
Hero icon 1 Shadow Hunter
Ability icon 1 Hex

» actions
Assign group hotkey24
Basic commands40
Build / train50
ESC pressed2
Enter build submenu35
Enter hero's abilities submenu10
Right click302
Select / deselect259
Select group hotkey118
Use ability58
898 total
» units
Acolyte4
Ghoul5
Grunt3
Peon2
Footman3
Crypt Fiend8
Obsidian Statue1
26 total
» upgrades
Creature Attack1
Web1
Burrow1
3 total
» buildings
Crypt3
Graveyard2
Altar of Storms1
Barracks2
Orc Burrow2
Altar of Darkness2
Ziggurat11
Scout Tower1
Nerubian Tower4
Farm2
Arcane Tower1
Halls of the Dead1
Tomb of Relics2
Slaughterhouse1
Black Citadel1
Sacrificial Pit1
37 total
» build order
00:08 Crypt
00:24 Graveyard
00:32 Altar of Storms
00:36 Barracks
00:42 Orc Burrow
00:49 Crypt
00:51 Graveyard
00:59 Altar of Darkness
01:01 Ziggurat
01:08 Ziggurat
01:30 Altar of Darkness
01:49 Barracks
01:53 Scout Tower
02:08 Nerubian Tower
02:12 Ziggurat
02:23 Orc Burrow
02:29 Ziggurat
03:01 Farm
03:13 Farm
03:59 Nerubian Tower
05:04 Arcane Tower
05:23 Ziggurat
05:25 Halls of the Dead
06:09 Nerubian Tower
06:36 Tomb of Relics
06:42 Crypt
08:10 Ziggurat
08:13 Ziggurat
09:11 Ziggurat
09:14 Ziggurat
09:25 Slaughterhouse
09:55 Nerubian Tower
10:43 Tomb of Relics
11:57 Black Citadel
12:36 Ziggurat
12:38 Ziggurat
12:51 Sacrificial Pit
Orcn00b-sh1t (purple | 51 APM | 9 actions | 00:10)

» actions
Build / train2
Right click5
Select / deselect2
9 total
» units
Peon2
2 total
team 2
HumanM[k-Is-HaVeN (teal | 47 APM | 639 actions | 13:41)
Hero icon 3 Archmage
Ability icon 2 Blizzard
Ability icon 1 Brilliance Aura

» actions
Assign group hotkey4
Basic commands2
Build / train44
ESC pressed1
Enter build submenu21
Enter hero's abilities submenu3
Remove unit from queue2
Right click309
Select / deselect190
Select group hotkey37
Use ability26
639 total
» units
Peasant8
Footman11
Knight3
Gryphon Rider6
28 total
» upgrades
Defend1
Lumber Harvesting1
Plating1
Gunpowder1
Storm Hammers1
Swords1
Animal War Training1
7 total
» buildings
Barracks1
Altar of Kings2
Farm9
Keep1
Blacksmith1
Lumber Mill1
Castle1
Arcane Sanctum1
Arcane Vault1
Workshop1
Gryphon Aviary2
21 total
» build order
00:19 Barracks
00:20 Altar of Kings
00:21 Farm
00:23 Altar of Kings
01:01 Farm
03:15 Farm
03:51 Farm
04:24 Keep
04:45 Farm
05:58 Farm
06:37 Blacksmith
06:40 Lumber Mill
06:49 Castle
06:53 Arcane Sanctum
07:28 Arcane Vault
09:21 Workshop
09:28 Gryphon Aviary
09:33 Gryphon Aviary
13:00 Farm
13:05 Farm
13:11 Farm
HumanOwNaGe741852963 (pink | 86 APM | 1181 actions | 13:41)
Hero icon 3 Mountain King
Ability icon 2 Storm Bolt
Ability icon 1 Thunder Clap

» actions
Assign group hotkey11
Build / train51
ESC pressed15
Enter build submenu30
Enter hero's abilities submenu3
Right click439
Select / deselect171
Select group hotkey426
Use ability35
1181 total
» units
Peasant18
Rifleman16
Footman1
35 total
» upgrades
Gunpowder3
Long Rifles1
Lumber Harvesting2
Armor1
7 total
» buildings
Farm11
Altar of Kings1
Lumber Mill1
Barracks3
Blacksmith1
Arcane Vault2
Keep1
Town Hall3
Castle2
25 total
» build order
00:20 Farm
00:36 Altar of Kings
00:52 Lumber Mill
00:54 Farm
01:29 Barracks
02:01 Farm
02:04 Farm
02:16 Blacksmith
03:00 Barracks
03:16 Farm
03:19 Barracks
03:52 Farm
04:28 Arcane Vault
06:46 Keep
07:41 Town Hall
07:49 Town Hall
08:57 Arcane Vault
09:07 Castle
09:07 Castle
09:58 Farm
10:00 Farm
10:35 Town Hall
12:57 Farm
12:59 Farm
13:01 Farm
» items
Scroll of Regeneration2
2 total
Random» HumanIquitwhnrushed (yellow | 43 APM | 590 actions | 13:41)
Hero icon 2 Archmage
Ability icon 1 Summon Water Elemental
Ability icon 1 Blizzard

» actions
Build / train57
Enter build submenu15
Enter hero's abilities submenu2
Right click353
Select / deselect135
Use ability28
590 total
» units
Peasant8
Footman42
Rifleman2
52 total
» upgrades
Swords1
Plating1
2 total
» buildings
Farm10
Altar of Kings1
Blacksmith1
Lumber Mill1
Barracks2
15 total
» build order
00:08 Farm
00:11 Altar of Kings
01:14 Farm
01:16 Farm
01:54 Blacksmith
01:59 Lumber Mill
02:20 Barracks
02:22 Barracks
02:32 Farm
03:55 Farm
03:58 Farm
05:58 Farm
06:47 Farm
08:37 Farm
11:58 Farm
Random» OrcRuby7even (red | 64 APM | 870 actions | 13:41)
Hero icon 4 Blademaster
Ability icon 2 Wind Walk
Ability icon 2 Critical Strike
Hero icon 2 Tauren Chieftain
Ability icon 1 Endurance Aura
Ability icon 1 Shockwave

» actions
Assign group hotkey18
Basic commands81
Build / train42
Enter build submenu12
Enter hero's abilities submenu6
Give item / drop item3
Right click270
Select / deselect108
Select group hotkey293
Use ability37
870 total
» units
Peon8
Grunt4
Wind Rider4
16 total
» upgrades
Pillage1
Melee Weapons1
Armor1
Ranged Weapons3
Berserker Strength1
Envenomed Spears1
8 total
» buildings
Altar of Storms1
Orc Burrow5
Barracks1
Voodoo Lounge1
War Mill1
Watch Tower1
Stronghold1
Fortress1
Beastiary2
14 total
» build order
00:07 Altar of Storms
00:13 Orc Burrow
00:28 Barracks
01:26 Orc Burrow
02:26 Voodoo Lounge
03:02 War Mill
03:52 Orc Burrow
04:15 Watch Tower
04:57 Stronghold
06:39 Orc Burrow
08:58 Fortress
09:34 Beastiary
09:38 Beastiary
12:02 Orc Burrow
» items
Scroll of Town Portal1
Healing Salve2
Lesser Clarity Potion1
Potion of Lesser Invulnerability1
Boots of Speed1
Periapt of Vitality1
Scroll of Protection1
8 total

Chat log

(00:14 / All) Iquitwhnrushed: gg
(00:16 / All) Iquitwhnrushed: leave
(00:18 / All) ROTS19: well that sucks
(00:24 / All) TDNRamRod: wow...
(01:18 / All) ROTS19: leave you lost
(01:35 / All) Iquitwhnrushed: just leave
(01:37 / All) OwNaGe741852963: how so?
(01:58 / All) ROTS19: you guya can do whatever
(02:02 / All) ROTS19: i'm still gonna play
(02:30 / All) M[k-Is-HaVeN: why dont u just leave and start a new game
(02:32 / All) M[k-Is-HaVeN: u cant win anyway
(02:40 / All) ROTS19: i could if you guys sucked real bad
(02:47 / All) M[k-Is-HaVeN: we dont plz leave
(02:52 / All) M[k-Is-HaVeN: so we can all reque
(02:54 / All) ROTS19: is that FEAR I hear?
(03:02 / All) Iquitwhnrushed: what are the odds?
(03:06 / All) M[k-Is-HaVeN: no leave plsz
(03:09 / All) ROTS19: there's no odds
(03:17 / All) Iquitwhnrushed: pleasel eave
(03:21 / All) Iquitwhnrushed: l
(03:22 / All) ROTS19: face me
(03:26 / All) M[k-Is-HaVeN: asking nicely
(03:39 / All) Iquitwhnrushed: rather play a fair game

(04:49 / All) Iquitwhnrushed: leave u fucking asshole
(04:57 / All) ROTS19: holy no need to be rude
(05:05 / All) Iquitwhnrushed: fuck u
(05:09 / All) Iquitwhnrushed: u fucking piece of shit

(06:24 / All) ROTS19: Strike in my general direction, brother.

(13:08 / All) ROTS19: alright
(13:10 / All) ROTS19: well
(13:11 / All) ROTS19: g
(13:12 / All) ROTS19: g
(13:19 / All) Iquitwhnrushed: fuck u
(13:25 / All) ROTS19: no need to be mad
(13:28 / All) ROTS19: I was just having fun is all :P
(13:37 / All) Iquitwhnrushed: ok
(13:38 / All) Iquitwhnrushed: gg